 Dungeon Crawl Stone Soup version 0.25-a0-474-ga8a2ee3 (webtiles) character file.

Game seed: 2630842422776921486, levelgen mode: deterministic

49 15 the Shooter (level 3, 28/28 HPs)
             Began as a Centaur Arcane Marksman on Feb 7, 2020.
             Quit the game on level 2 of the Dungeon.
             The game lasted 00:08:48 (1701 turns).

15 the Shooter (Centaur Arcane Marksman)            Turns: 1701, Time: 00:08:49

Health: 28/28      AC:  5    Str: 12    XL:     3   Next: 53%
Magic:  4/4        EV: 10    Int: 12    God:
Gold:   73         SH:  4    Dex: 10    Spells: 3/4 levels left

rFire    . . .     SeeInvis .   a - +0 shortbow
rCold    . . .     Gourm    .   (shield currently unavailable)
rNeg     . . .     Faith    .   e - +0 robe
rPois    .         Spirit   .   (no helmet)
rElec    .         Reflect  +   (no cloak)
rCorr    .         Harm     .   g - +0 pair of gloves
MR       .....                  (no barding)
Stlth    +.........             l - +4 amulet of reflection
HPRegen  0.09/turn              (no ring)
MPRegen  0.09/turn              (no ring)

@: very quick
A: large, hooves 3, deformed body, speed 2, tough skin 3
a: no special abilities


You were on level 2 of the Dungeon.
You were not hungry.

You visited 1 branch of the dungeon, and saw 2 of its levels.

You collected 73 gold pieces.

Inventory:

Hand Weapons
 a - a +0 shortbow (weapon)
 h - a +0 club
 p - a +0 short sword
Missiles
 d - 82 arrows (quivered)
Armour
 e - a +0 robe (worn)
 g - a +0 pair of gloves (worn)
Jewellery
 l - a +4 amulet of reflection (around neck)
Scrolls
 b - a scroll of amnesia {unknown}
 i - a scroll of teleportation {unknown}
 n - 2 scrolls of magic mapping {unknown}
 o - a scroll of immolation {unknown}
Potions
 c - 2 potions of lignification {unknown}
 j - a potion of curing
 k - a potion of heal wounds {unknown}
 q - a potion of might {unknown}
Comestibles
 f - 2 rations
 m - 3 chunks of flesh


   Skills:
 * Level 1.1 Fighting
 * Level 4.8 Bows
 * Level 1.6 Dodging
 + Level 1.0 Spellcasting
 * Level 2.8 Hexes


You had 3 spell levels left.
You knew the following spells:

 Your Spells              Type           Power        Failure   Level  Hunger
a - Corona                Hex            #......      10%         1    ##.....

Your spell library contained the following spells:

 Spells                   Type           Power        Failure   Level  Hunger
 Slow                     Hex            #.......     14%         2    ###....
 Inner Flame              Hex/Fire       #.......     45%         3    ####...
 Portal Projectile        Hex/Tloc       #.....       45%         3    ####...
 Cause Fear               Hex            #.........   67%         4    #####..
 Leda's Liquefaction      Hex/Erth       #.........   86%         4    #####..


Dungeon Overview and Level Annotations

Branches:
Dungeon (2/15)

Altars:


Innate Abilities, Weirdness & Mutations

You have hooves in place of feet.
Armour fits poorly on your strangely shaped body.
You cover ground very quickly.
You have extremely tough skin. (AC +3)


Message History

You kill the frilled lizard!
Firing (i - inventory)
d - 77 arrows (quivered)
Press: ? - help, Shift-Dir - straight line, f - you Really target yourself? [Y]es or [N]o only, please.
Really target yourself?
Okay, then.
Unknown command.
Unknown command.
d - 81 arrows (gained 4)
d - 82 arrows (gained 1) Eating one of 3 chunks of flesh.
You eat one of the 3 chunks of flesh.
This raw flesh tastes terrible.
Done exploring.
You see here a frilled lizard corpse.
You butcher the frilled lizard corpse.
m - 3 chunks of flesh (gained 1)
You see here a frilled lizard skeleton.
Autopickup is now off.
Are you sure you want to abandon this character and quit the game? (Confirm with "yes".)

#.# #.##
#.###.#.....
#.# #..## #.#
#.##...# #.#
#...# #.#
#.###.## #.#
##.## #.#
#.###.# #.#
#.# #.#
#.#...# #.#
#.# #.#
#.#.### #.#
#.# #.###.#.##
###.# #.#
#.##...#.###
#...# #####@#
#.....###...
#.### #.....#
####.(.#.###
#.######
#.#####
##...##
.......# #.#
##..# ..####.#
#.# #..# ..#
#.# #.#
#..####
..####.#####.#
##......
..#.......##.#
#...###.
.##.......##.#
#.#.# #.


There were no monsters in sight!

Vanquished Creatures
  2 worms (D:2)
  A dart slug (D:1)
  2 leopard geckos (D:1)
  A ball python (D:1)
  2 giant cockroaches
  4 goblins
  6 hobgoblins
  A quokka (D:2)
  2 bats (D:1)
  4 frilled lizards
  10 kobolds
  2 rats (D:1)
37 creatures vanquished.

Notes
Turn   | Place    | Note
-------+----------+-------------------------------------------
     0 | D:1      | 15 the Centaur Arcane Marksman began the quest for the Orb.
     0 | D:1      | Reached XP level 1. HP: 16/16 MP: 2/2
    18 | D:1      | Reached skill level 3 in Bows
    89 | D:1      | Reached XP level 2. HP: 22/23 MP: 3/3
   667 | D:1      | Reached skill level 4 in Bows
   992 | D:2      | Reached XP level 3. HP: 28/28 MP: 4/4
  1701 | D:2      | Quit the game

Levels and vault maps discovered:
D:1:      lemuel_arrival_broad_hall, layout_loops_ring,
          hangedman_abyss_or_decor_stabs, moated_statue
D:2:      layout_loops_ring

Skill      XL: |  1  2 |
---------------+-------+-----
Bows           | 3 4 |  4.8
Fighting       | |  1.1
Dodging        | |  1.6
Spellcasting   | |  1.0
Hexes          | |  2.8

Action                   || total
-------------------------++-------
Melee: Shortbow          ||    24
       Kick              ||     5
 Fire: Shortbow          ||   139
 Cast: Corona            ||     8
  Use: Scroll            ||     2
  Eat: Chunk             ||     2
Armor: Robe              ||    28
Dodge: Dodged            ||    55
Block: Other             ||    16
       Reflection        ||     1

Table legend:
 A = Non-vault XP
 B = Vault XP
 C = Vault XP percentage of total XP
 D = Non-vault monster count
 E = Vault monster count
 F = Vault count percentage of total count
                 A         B        C        D         E       F
            +---------+---------+-------+---------+---------+-------
      Total |      71 |       0 |   0.0 |      37 |       0 |   0.0
            +---------+---------+-------+---------+---------+-------
        D:1 |      39 |       0 |   0.0 |      22 |       0 |   0.0
        D:2 |      32 |       0 |   0.0 |      15 |       0 |   0.0
            +---------+---------+-------+---------+---------+-------
